 Dungeon Crawl Stone Soup version 0.31.0-1-g2c135a0 (webtiles) character file.

Game seed: 3930326419915197365

128 smazza the Changeling (level 4, -1/52 HPs)
             Began as a Draconian Shapeshifter on Mar 3, 2024.
             Killed by divine providence
             ... invoked by an orc priest
              (13 damage)
             ... on level 3 of the Dungeon.
             The game lasted 00:06:49 (1753 turns).

smazza the Changeling (Draconian Shapeshifter)      Turns: 1753, Time: 00:06:50

Health: -1/52      AC: 22    Str: 19    XL:     4   Next: 86%
Magic:  4/4        EV:  2    Int: 10    God:
Gold:   178        SH:  0    Dex: 10    Spells: 3/3 levels left

rFire   . . .        e - +1 whip (elec)
rCold   . . .        (no shield)
rNeg    . . .        (body armour unavailable)
rPois   +            (helmet currently unavailable)
rElec   .            (cloak currently unavailable)
rCorr   +            (gloves currently unavailable)
SInv    .            (boots currently unavailable)
Will    .....        (no amulet)
Stlth   +            d - ring of resist corrosion
HPRegen 0.28/turn    (no ring)
MPRegen 0.09/turn

%: no passive effects
@: brilliant, tree-form (expiring)
A: stationary, stasis, torment immunity, boosted hp, AC +5, unfitting armour,
(cold-blooded)
a: no special abilities


You were on level 3 of the Dungeon.
You were a tree.
You visited 1 branch of the dungeon, and saw 3 of its levels.

You collected 178 gold pieces.

Inventory:

Hand Weapons
 e - a +1 whip of electrocution (weapon)
Jewellery
 d - a ring of resist corrosion (left branch)
 f - an amulet of magic regeneration
Talismans
 b - a beast talisman
 c - a flux talisman
Scrolls
 g - 5 scrolls of identify {unknown}
 i - 2 scrolls of enchant armour {unknown}
 j - a scroll of fear {unknown}
 k - a scroll of immolation {unknown}
Potions
 a - a potion of lignification


   Skills:
 - Level 1.1 Fighting
 * Level 2.7 Maces & Flails
 - Level 1.7 Dodging
 - Level 3.3 Unarmed Combat
 + Level 4.2 Shapeshifting


You had 3 spell levels left.
You didn't know any spells.
Your spell library contained the following spells:

 Spells                   Type           Power      Damage    Failure   Level
 Apportation              Tloc           0%         N/A       36%         1
 Necrotise                Necr           0%         1d4       36%         1
 Slow                     Hex            0%         N/A       36%         1
 Sting                    Conj/Alch      0%         1d3       36%         1
 Summon Small Mammal      Summ           0%         N/A       36%         1
 Blink                    Tloc           0%         N/A       50%         2
 Ensorcelled Hibernation  Hex/Ice        0%         N/A       50%         2
 Lesser Beckoning         Tloc           0%         N/A       50%         2
 Momentum Strike          Conj/Tloc      0%         3d8       50%         2
 Confusing Touch          Hex            0%         N/A       75%         3
 Fugue of the Fallen      Necr           0%         N/A       75%         3
 Sigil of Binding         Hex            0%         N/A       75%         3
 Vampiric Draining        Necr           0%         2d6       75%         3
 Anguish                  Hex/Necr       0%         N/A       98%         4


Dungeon Overview and Level Annotations

Branches:
Dungeon (3/15)

Altars:


Innate Abilities, Weirdness & Mutations

You are a tree.
Your roots penetrate the ground, keeping you stationary.
You cannot be teleported.
You are immune to unholy pain and torment.
Your maximum health is greatly increased.
Your equipment is partially melded.
((Your plain brown scales are hard. (AC +5)))
You cannot fit into any form of body armour.
((You are cold-blooded and may be slowed by cold attacks.))


Message History

You closely miss something. Something hits you but does no damage.
It was a potion of brilliance.
You feel clever all of a sudden. Something hits you but does no damage.
You hit something. Something hits you but does no damage.
You miss something. Your punch misses something. Something hits you.
* * * LOW HITPOINT WARNING * * *
You aren't carrying any items that you can evoke.
An orc priest is nearby!
You miss something. Something hits you but does no damage.
You completely miss something. Something hits you but does no damage.
You barely miss something.
The orc priest looks encouraged for a moment.
Something hits you.
* * * LOW HITPOINT WARNING * * *
You hit something but do no damage. Something hits you but does no damage.
You hit something.
Reactivating autopickup.
You feel a bit more experienced.
You barely miss the orc priest.
The orc priest hits you but does no damage.
You hit the orc priest.
The orc priest is lightly wounded.
The orc priest hits you with a +0 club.
* * * LOW HITPOINT WARNING * * *
You hit the orc priest.
The orc priest is moderately wounded.
Your transformation is almost over.
The orc priest hits you but does no damage.
You closely miss the orc priest.
The orc priest is moderately wounded.
The orc priest hits you but does no damage.
You closely miss the orc priest.
The orc priest is moderately wounded.
The orc priest hits you but does no damage.
You closely miss the orc priest.
The orc priest is moderately wounded.
The orc priest mumbles some strange prayers to Beogh against you.
Beogh smites you!
You die...

######### #....<..#
#.......# #.......#
######
####.......######....####
#..........o♣.)..........
#.##.......######....###
# #..#.......# #)...#####
## ##.........#
#......... ..
##........### #....####
#. #..........# #....#
#####. ###.....##.#
#....###.....
##.......#.#
####.....###.
#..........#####...#####
##


You could see an orc priest.

Vanquished Creatures
  An orc wizard (D:3)
  5 adders (D:2)
  2 dart slugs
  3 orcs
  9 ball pythons
  2 endoplasms
  2 giant cockroaches (D:1)
  5 goblins (D:1)
  5 hobgoblins
  2 quokkas (D:1)
  8 bats
  A frilled lizard (D:3)
  5 kobolds
  3 rats (D:1)
53 creatures vanquished.

Notes
Turn   | Place    | Note
-------+----------+-------------------------------------------
     0 | D:1      | smazza the Draconian Shapeshifter began the quest for the
                  | Orb.
     0 | D:1      | Reached XP level 1. HP: 16/16 MP: 1/1
   150 | D:1      | Reached XP level 2. HP: 23/23 MP: 2/2
   256 | D:1      | You fall into a shaft and drop 1 floor!
   343 | D:2      | Reached XP level 3. HP: 28/28 MP: 3/3
   661 | D:1      | Found a faded altar of an unknown god.
   696 | D:1      | Reached skill level 1 in Maces & Flails
  1162 | D:2      | Reached skill level 4 in Shapeshifting
  1162 | D:2      | Reached XP level 4. HP: 32/35 MP: 4/4
  1753 | D:3      | Killed from afar by an orc priest

Illustrated notes

Levels and vault maps discovered:
D:1:      kennysheep_arrival_seaside, layout_basic,
          shapermc_ecumenical_altar_mp_vishouse, minmay_crystal_room
D:2:      layout_basic
D:3:      layout_rooms, nicolae_elevator_lobby_plus

Skill      XL: |  1  2  3  4 |
---------------+-------------+-----
Maces & Flails | 1 2 |  2.7
Shapeshifting  | 4 |  4.2
Fighting       | |  1.1
Dodging        | |  1.7
Unarmed Combat | |  3.3

Action                     |  1- 3 |  4- 6 || total
---------------------------+-------+-------++-------
  Melee: Unarmed           |    34 |       ||    34
         Tailslap          |     9 |     2 ||    11
         Punch             |     1 |       ||     1
         Whip              |    41 |    59 ||   100
    Use: Potion            |       |     3 ||     3
   Stab: Sleeping          |     2 |       ||     2
 Armour: Skin              |    48 |    47 ||    95
  Dodge: Dodged            |    60 |    23 ||    83
